 Dungeon Crawl Stone Soup version 0.29-a0-323-g050149af67 (webtiles) character file.

Game seed: 14346809785478614041

1014 spaghetti the Slicer (level 8, -10/46 HPs)
             Began as an Octopode Summoner on Apr 10, 2022.
             Was a Priest of Trog.
             Killed from afar by a white imp (13 damage)
             ... with a puff of frost
             ... on level 5 of the Dungeon.
             The game lasted 00:05:17 (4152 turns).

spaghetti the Slicer (Octopode Summoner)            Turns: 4152, Time: 00:05:17

Health: -10/46     AC: -15   Str:  9    XL:     8   Next: 21%
Magic:  11/11      EV: 13    Int: 17    God:    Trog [***...]
Gold:   253        SH:  0    Dex: 15    Spells: 10/11 levels left

rFire   . . .      SeeInvis .   n - +7 dagger "Teeclaopt" {speed, *Rage rElec Str+2, short}
rCold   . . .      Faith    .   (no shield)
rNeg    + . .      Spirit   .   (helmet restricted)
rPois   .          Reflect  .   (no amulet)
rElec   +          Harm     .   x - ring of positive energy
rCorr   .          Rampage  .   (no ring)
Will    ++...      Rage     20% (no ring)
Stlth   ++++......              (no ring)
HPRegen 1.15/turn               (no ring)
MPRegen 0.12/turn               (no ring)
                                (no ring)
                                (no ring)

@: strong-willed, corroded, on berserk cooldown, regenerating, slowed, very slow
A: almost no armour, amphibious, 8 rings, camouflage 1, gelatinous body 1,
(nimble swimmer 1), tentacles
a: Renounce Religion, Berserk, Trog's Hand


You were on level 5 of the Dungeon.
You worshipped Trog.
Trog was most pleased with you.
You visited 1 branch of the dungeon, and saw 5 of its levels.

You collected 253 gold pieces.


Innate Abilities, Weirdness & Mutations

You cannot wear most types of armour.
You are amphibious.
You can wear up to eight rings at the same time.
Your skin changes colour to match your surroundings (Stealth+).
Your rubbery body absorbs attacks. (AC +1, EV +1)
((You are camouflaged when in or above water. (Stealth+)))
You have tentacles for arms and can constrict up to eight enemies at once.


   Skills:
 - Level 0.2 Fighting
 + Level 8.7(8.8) Short Blades
 - Level 0.2(5.4) Long Blades
 - Level 0.3 Throwing
 - Level 2.2 Dodging
 - Level 4.2 Stealth
 - Level 2.0 Spellcasting
 - Level 4.0 Summonings


You had 10 spell levels left.
You knew the following spells:

 Your Spells              Type           Power      Damage    Failure   Level
a - Summon Small Mammal   Summ           60%        N/A       3%          1

Your spell library contained the following spells:

 Spells                   Type           Power      Damage    Failure   Level
 Call Imp                 Summ           15%        N/A       5%          2
 Call Canine Familiar     Summ           15%        N/A       11%         3
 Summon Guardian Golem    Hex/Summ       8%         N/A       26%         3
 Gell's Gravitas          Tloc           1%         N/A       50%         3
 Ignite Poison            Fire/Tmut/Pois 1%         N/A       50%         3
 Mephitic Cloud           Conj/Pois/Air  1%         N/A       50%         3
 Portal Projectile        Hex/Tloc       2%         N/A       50%         3
 Teleport Other           Tloc           1%         N/A       50%         3
 Summon Lightning Spire   Summ/Air       8%         N/A       63%         4
 Leda's Liquefaction      Hex/Erth       0%         N/A       88%         4
 Freezing Cloud           Conj/Ice/Air   0%         6-21      99%         5
 Dispersal                Tloc           0%         N/A       100%        6

Inventory:

Hand Weapons
 b - a +0 dagger {short}
   (You took it off a goblin on level 1 of the Dungeon)
 n - the +7 dagger "Teeclaopt" (weapon) {speed, *Rage rElec Str+2, short}
   (You found it on level 2 of the Dungeon)

   Attacks with this weapon are significantly faster.
   Str:       It affects your strength (+2).
   rElec:     It insulates you from electricity.
   *Rage:     It berserks you when you make melee attacks (+20% chance).
 y - a +2 dagger of holy wrath {short}
   (You took it off a kobold on level 4 of the Dungeon)
Missiles
 c - 93 stones (quivered) {throwing}
 e - 2 atropa-tipped darts {throwing}
 o - a boomerang of dispersal {=f!fthrowing}
 t - 4 poisoned darts {throwing}
 A - 2 throwing nets {=f!fthrowing}
Magical Staves
 v - a staff of cold {forbidden!astaff}
   (You found it on level 3 of the Dungeon)
Jewellery
 x - a ring of positive energy (left tentacle)
   (You found it on level 4 of the Dungeon)
Scrolls
 d - a scroll of magic mapping {unknown}
 g - a scroll of enchant armour {unknown}
 i - a scroll of amnesia {unknown}
 j - a scroll of immolation {unknown}
 k - 3 scrolls of identify {unknown}
 l - a scroll of holy word {unknown}
 q - a scroll of noise {unknown}
 w - a scroll of enchant weapon {unknown}
 z - a scroll of torment {unknown}
 C - a scroll of fear {unknown}
Potions
 a - 2 potions of magic
 h - 2 potions of haste {unknown}
 m - 2 potions of attraction {unknown}
 p - 4 potions of heal wounds {unknown}
 r - 3 potions of degeneration {unknown}
 s - a potion of might {unknown}
 u - 2 potions of flight {unknown}
 B - a potion of curing {unknown}
 D - a potion of brilliance {unknown}

Dungeon Overview and Level Annotations

Branches:
Dungeon (5/15)
 Temple: D:4-7

Altars:
Gozag
Trog
Xom

Annotations:
D:1 2 transporters

### ... ### ###.## #..
....
###.#####.##############
......................#
##.##.#####.############.#
#...†5...@.(# #.#
....#.##†####.# #)# . +
...# #.# #.# #.### #.#
###.# #. #.# #.... # #.#
#.... #.# #.... .# #....
.......


You could see a white imp.


Message History

Your mp is fully restored (11).
Things that are here:
a +0 giant spiked club {mace}; an ogre corpse A howler monkey comes into view.
A howler monkey is nearby!
A howler monkey is nearby!
A howler monkey is nearby!
Unknown command.
A necrophage comes into view.
A jelly comes into view.
The jelly quivers.
The helpless howler monkey fails to defend itself.
You spit the howler monkey like a pig!!!
You kill the howler monkey!
Trog accepts your kill.
A white imp comes into view.
The jelly hits you. The acid corrodes you!
You are splashed with acid.
You are too injured to fight recklessly!
You are too injured to fight recklessly! 😕 HP[-8]
You take 8 damage, and now have 38/46 hp.
You are too injured to fight recklessly!
You are too injured to fight recklessly!
You are too injured to fight recklessly!
You are too injured to fight recklessly!
You are too injured to fight recklessly!
You are too injured to fight recklessly!
You are too injured to fight recklessly!
You are too injured to fight recklessly!
You are too injured to fight recklessly!
You are too injured to fight recklessly!
You are too injured to fight recklessly!
You are too injured to fight recklessly!
Unknown command.
You hit the jelly.
Your tentacles burn!
The jelly hits you. The acid corrodes you!
You are splashed with acid! 😮 HP[-12]
You take 12 damage, and now have 26/46 hp.
MASSIVE DAMAGE!! (PAUSE)
You hit the jelly but do no damage.
Your tentacles burn! 😮 HP[-2]
You take 2 damage, and now have 24/46 hp.
A red film seems to cover your vision as you go berserk!
You feel yourself moving faster!
You feel mighty!
You puncture the jelly! The acid corrodes you!
Your tentacles burn!
* * * LOW HITPOINT WARNING * * *
The white imp shouts, "Return whence thou came, thou pox-marked spleeny malt-worm!"
The jelly hits you.
* * * LOW HITPOINT WARNING * * *
The acid corrodes you!
You are splashed with acid.
* * * LOW HITPOINT WARNING * * *
The white imp disappears for a moment. 😨 HP[-2]
You now have 69 max hp (+23).
You barely miss the jelly. You puncture the jelly! The acid corrodes you!
Your tentacles burn!
* * * LOW HITPOINT WARNING * * *
😨 HP[-1]
You take 1 damage, and now have 21/69 hp.
You hit the jelly but do no damage.
Your tentacles burn!
* * * LOW HITPOINT WARNING * * *
😱 HP[-5]
You take 5 damage, and now have 16/69 hp.
Unknown command.
You completely miss the jelly. You squeeze the jelly.
You kill the jelly!
Trog accepts your kill.
You closely miss the necrophage. You grab the necrophage.
You squeeze the necrophage!
You constrict the necrophage, but do no damage.
You puncture the necrophage! You squeeze the necrophage.
You constrict the necrophage, but do no damage.
You hit the necrophage.
You constrict the necrophage, but do no damage.
You puncture the necrophage!
You destroy the necrophage!
Trog accepts your kill.
Unknown command.
You feel a strong urge to attack something. 😱 HP[+1]
You feel your anger nearly subside.
You are no longer berserk.
You are exhausted.
You feel yourself slow down. 😱 HP[-6]
You now have 46 max hp (-23).
Your skin crawls.
You feel strong-willed. The white imp gestures at you.
The puff of frost hits you!
* * * LOW HITPOINT WARNING * * *
😱 HP[-10]
You take 10 damage, and now have 1/46 hp.
MASSIVE DAMAGE!! (PAUSE)
Okay, then.
Okay, then.
It was a potion of berserk rage.
You're still recovering from your berserk rage.
The white imp gestures at you. The puff of frost hits you!
You die...

Skill      XL: |  1  2  3  4  5  6  7 |
---------------+----------------------+-----
Stealth        | 3 4 |  4.2
Short Blades   | 2 3 4 6 8 |  8.7
Fighting       | |  0.2
Long Blades    | |  0.2
Throwing       | |  0.3
Dodging        | |  2.2
Spellcasting   | |  2.0
Summonings     | |  4.0

Action                   |  1- 3 |  4- 6 |  7- 9 || total
-------------------------+-------+-------+-------++-------
Melee: Dagger            |    47 |    77 |    24 ||   148
       Unarmed           |     3 |       |       ||     3
       Constrict         |    14 |    19 |     4 ||    37
       Tentacles         |    11 |    17 |     5 ||    33
       Punch             |       |     1 |       ||     1
Throw: Stone             |    13 |       |       ||    13
Invok: Berserk           |       |     2 |       ||     2
       Trog's Hand       |       |       |     1 ||     1
  Use: Potion            |       |       |     1 ||     1
 Stab: Sleeping          |    11 |    10 |     4 ||    25
Armor: Skin              |     5 |       |     2 ||     7
Dodge: Dodged            |    21 |    29 |     1 ||    51

Levels and vault maps discovered:
D:1:      spicycebolla_arrival_teleporter_tutorial, layout_loops_ring,
          ebering_ecumenical_altar_box, serial_aquarium, aquarium_bridge_square
          [aquarium_subvault_window, aquarium_subvault_bridge,
          aquarium_subvault_window, aquarium_subvault_window],
          aquarium_bridge_square [aquarium_subvault_bridge,
          aquarium_subvault_bridge, aquarium_subvault_balcony,
          aquarium_subvault_window], aquarium_window_1, aquarium_window_fake,
          aquarium_view_2c
D:2:      layout_basic
D:3:      layout_loops_corners, mainiacjoe_overflow_big_doors
D:4:      layout_loops_ring, uniq_sigmund
D:5:      layout_basic, serial_shops, nicolae_shop_hallway_stairs,
          nicolae_shop_bloodbath_and_beyond, eino_small_chamber_without_monster

Notes
Turn   | Place    | Note
-------+----------+-------------------------------------------
     0 | D:1      | spaghetti the Octopode Summoner began the quest for the
                  | Orb.
     0 | D:1      | Reached XP level 1. HP: 11/11 MP: 3/3
     0 | D:1      | magus.rc [v1.9.6]
     7 | D:1      | You add the spells Ignite Poison, Mephitic Cloud and
                  | Freezing Cloud to your library.
    10 | D:1      | Found a faded altar of an unknown god.
    25 | D:1      | Prayed at the altar of an unknown god.
    25 | D:1      | Became a worshipper of Trog the Wrathful
    25 | D:1      | Reached * piety under Trog
    32 | D:1      | Reached skill level 3 in Stealth
   110 | D:1      | Reached XP level 2. HP: 14/17 MP: 5/5
   387 | D:1      | Reached skill level 4 in Stealth
  1052 | D:2      | Reached XP level 3. HP: 20/21 MP: 6/6
  1269 | D:2      | Identified the +7 dagger "Teeclaopt" {speed, *Rage rElec
                  | Str+2}
  1366 | D:2      | Reached ** piety under Trog
  1465 | D:2      | Reached skill level 1 in Short Blades
  1682 | D:3      | Reached skill level 2 in Short Blades
  1682 | D:3      | Reached XP level 4. HP: 27/27 MP: 7/7
  1688 | D:3      | Reached skill level 3 in Short Blades
  1688 | D:3      | Reached XP level 5. HP: 31/31 MP: 8/8
  1890 | D:3      | Reached skill level 4 in Short Blades
  2305 | D:3      | You pick up a book of the Hunter {forbidden} and begin
                  | reading...
  2305 | D:3      | You add the spells Portal Projectile and Leda's
                  | Liquefaction to your library.
  2346 | D:3      | Found an opulent altar of Gozag.
  2354 | D:3      | Found a shimmering altar of Xom.
  2410 | D:3      | Reached XP level 6. HP: 36/36 MP: 9/9
  2438 | D:3      | You add the spells Gell's Gravitas, Teleport Other and
                  | Dispersal to your library.
  2719 | D:4      | Reached skill level 5 in Short Blades
  3176 | D:4      | HP: 4/54 [gnoll/+0 halberd (13)]
  3177 | D:4      | Reached *** piety under Trog
  3472 | D:4      | Reached skill level 6 in Short Blades
  3511 | D:4      | Reached XP level 7. HP: 36/41 MP: 10/10
  3766 | D:4      | Noticed Sigmund
  3773 | D:4      | Killed Sigmund
  3774 | D:4      | Reached skill level 7 in Short Blades
  3883 | D:5      | Entered Level 5 of the Dungeon
  4111 | D:5      | Reached skill level 8 in Short Blades
  4111 | D:5      | Reached XP level 8. HP: 46/46 MP: 11/11
  4141 | D:5      | HP: 16/69 [acid (5)]
  4151 | D:5      | HP: 1/46 [white imp/puff of frost (12)]
  4152 | D:5      | Killed from afar by a white imp

Vanquished Creatures
  Sigmund (D:4)
  An ice beast (D:5)
  An ogre (D:5)
  2 scorpions
  A necrophage (D:5)
  A howler monkey (D:5)
  2 jellies (D:5)
  A hound (D:4)
  3 orc priests (D:3)
  A gnoll shaman (D:4)
  An iguana (D:5)
  2 orc wizards (D:3)
  5 gnolls (D:4)
  4 adders
  A white imp (D:4)
  2 worms
  3 dart slugs
  9 orcs
  2 ball pythons
  5 endoplasms
  3 giant cockroaches
  5 goblins
  5 hobgoblins
  5 jackals
  A quokka (D:2)
  4 bats
  3 frilled lizards
  7 kobolds
  5 rats
86 creatures vanquished.

Table legend:
 A = Non-vault XP
 B = Vault XP
 C = Vault XP percentage of total XP
 D = Non-vault monster count
 E = Vault monster count
 F = Vault count percentage of total count
                 A         B        C        D         E       F
            +---------+---------+-------+---------+---------+-------
      Total |    1226 |     223 |  15.4 |      85 |       1 |   1.2
            +---------+---------+-------+---------+---------+-------
        D:1 |      24 |       0 |   0.0 |      14 |       0 |   0.0
        D:2 |      30 |       0 |   0.0 |      13 |       0 |   0.0
        D:3 |     271 |       0 |   0.0 |      26 |       0 |   0.0
        D:4 |     305 |     223 |  42.2 |      24 |       1 |   4.0
        D:5 |     596 |       0 |   0.0 |       8 |       0 |   0.0
            +---------+---------+-------+---------+---------+-------

Illustrated notes

Table legend:
 A = Kills in this place as a percentage of kills in entire the game.
 B = Kills by you in this place as a percentage of kills by you in the entire game.
 C = Kills by friends in this place as a percentage of kills by friends in the entire game.
 D = Other kills in this place as a percentage of other kills in the entire game.
 E = Experience gained in this place as a percentage of experience gained in the entire game.
 F = Experience gained in this place divided by the number of levels of this place that you have seen.
                   A       B       C       D       E      F
               +-------+-------+-------+-------+-------+----------------------
         Total | 100.0 | 100.0 |   N/A |   N/A | 100.0 | 289.8
       Dungeon | 100.0 | 100.0 |   N/A |   N/A | 100.0 | 289.8
               +-------+-------+-------+-------+-------+----------------------

Table legend: (Time is in decaauts)
 A = Elapsed time spent in this place.
 B = Non-inter-level travel time spent in this place.
 C = Inter-level travel time spent in this place.
 D = Time resting spent in this place.
 E = Time spent auto-exploring this place.
 F = Levels seen in this place.
 G = Mean time per level.
                   A        B        C        D        E       F      G
               +--------+--------+--------+--------+--------+-----+--------+
         Total |   4207 |   4099 |    108 |   1092 |   2524 |   5 |  841.4 |
       Dungeon |   4207 |   4099 |    108 |   1092 |   2524 |   5 |  841.4 |
               +--------+--------+--------+--------+--------+-----+--------+

Top non-repeatable levels by time:
     D:4: 1193 daAuts
     D:3: 1070 daAuts
     D:2: 899 daAuts
     D:1: 767 daAuts
     D:5: 276 daAuts
